 Dungeon Crawl Stone Soup version 0.17-a0-1446-gc28613e (webtiles) character file.

107 nuthulu the Ruffian (level 4, -2/38 HPs)
             Began as a Naga Transmuter on June 28, 2015.
             Slain by a worker ant (5 damage)
             ... on level 3 of the Dungeon.
             The game lasted 00:08:13 (2860 turns).

nuthulu the Ruffian (Naga Transmuter)               Turns: 2860, Time: 00:08:14

Health: -2/38      AC:  3    Str: 13    XL:     4   Next: 85%
Magic:  8/8        EV: 10    Int: 14    God:
Gold:   152        SH:  0    Dex: 11    Spells: 3 memorised, 3 levels left

rFire  . . .     SeeInvis +       - Unarmed
rCold  . . .     Clarity  .     b - +0 robe
rNeg   . . .     SustAt   .     (no shield)
rPois  +         Gourm    .     (no helmet)
rElec  .         Spirit   .     g - +0 cloak
rCorr  .         Warding  .     (no gloves)
rMut   .         Stasis   .     (no barding)
MR     .....                    (no amulet)
Stlth  ++........               (no ring)
                                q - ring of wizardry

@: appendage (expiring), flying, very slow, not resistant to hostile
enchantments, unstealthy
A: horns 2, see invisible, deformed body, poison resistance, slowness 2, slow
metabolism 1, spit poison 2, AC +1
a: Spit Poison, End Transformation


You were on level 3 of the Dungeon.
You were not hungry.
You had grown temporary horns.
You visited 1 branch of the dungeon, and saw 3 of its levels.

You collected 152 gold pieces.

Inventory:

Missiles
 a - 36 arrows
Armour
 b - a +0 robe (worn)
 g - a +0 cloak (worn)
Jewellery
 q - a ring of wizardry (left hand)
Scrolls
 e - a scroll of enchant armour {unknown}
 f - 2 scrolls of teleportation
 h - 4 scrolls of remove curse
 i - a scroll of identify
 r - a scroll of recharging {unknown}
Potions
 l - a potion of flight
 n - a potion of agility
 o - a potion of might {unknown}
 t - a potion of cure mutation {unknown}
Books
 c - a book of Changes

   Spells                             Type                      Level
   a - Beastly Appendage              Transmutation                1
   b - Sticks to Snakes               Transmutation                2
   c - Spider Form                    Transmutation/Poison         3
   d - Ice Form                       Ice/Transmutation            4
   e - Blade Hands                    Transmutation                5
Comestibles
 d - 4 bread rations
 j - a meat ration
 k - a royal jelly
 m - a beef jerky
 p - 3 fruits
 s - 4 chunks of flesh


   Skills:
 + Level 1.4 Fighting
 - Level 1.5 Dodging
 + Level 1.2 Stealth
 + Level 3.6 Unarmed Combat
 + Level 3.0 Spellcasting
 + Level 3.1 Transmutations
 + Level 0.6 Poison Magic


You had 3 spell levels left.
You knew the following spells:

 Your Spells              Type           Power        Failure   Level  Hunger
a - Beastly Appendage     Trmt           ##....       4%          1    #......
b - Sticks to Snakes      Trmt           ##........   4%          2    ##.....
c - Spider Form           Trmt/Pois      #.........   12%         3    ###....


Dungeon Overview and Level Annotations

Branches:
Dungeon (3/15)

Altars:
Vehumet
The Shining One


Innate Abilities, Weirdness & Mutations

You cannot wear boots.
Your serpentine skin is tough (AC +1).
You have supernaturally acute eyesight.
Armour fits poorly on your strangely shaped body.
Your system is resistant to poisons.
You cover ground very slowly.
You have a slow metabolism.
You can spit poison.
You have a pair of horns on your head.


Message History

The worker ant bites you!
You hit the worker ant but do no damage.
You headbutt the worker ant, but do no damage.
The worker ant is lightly wounded.
The worker ant waves its antennae.
The worker ant bites you.
You barely miss the worker ant.
The worker ant is lightly wounded.
The worker ant bites you. The worker ant closely misses you.
The worker ant bites you.
* * * LOW HITPOINT WARNING * * *
The worker ant bites you.
* * * LOW HITPOINT WARNING * * *
Your transformation is almost over.
Drink which item? (? for menu, Esc to quit)
It was a potion of flight.
You feel very buoyant.
You fly up into the air.
The worker ant bites you.
You die...

..############...............#
## ..# #.............#.###.
..# #.............#..... ..#
#........(...###.#.. ..#
#...................
###########
#................... #........
.. #............####...
...........#(##.a...######
#... #.##.... #.#....@...#
#... ^.# . #.####.....# .....
.## #.#........# ###.#. .#
#.#.##.....# #... .#
#.#.#<.....# #### .#
#.#.####.###
.#########........#
.............######
##############


You could see a worker ant.

Vanquished Creatures
  A worker ant (D:3)
  3 adders
  2 oozes
  A giant gecko (D:2)
  13 bats
  5 goblins
  4 hobgoblins
  3 jackals (D:2)
  3 giant newts (D:2)
  11 kobolds
  5 rats
51 creatures vanquished.

Vanquished Creatures (collateral kills)
  An adder (D:2)
  2 goblins
  A kobold (D:2)
4 creatures vanquished.

Grand Total: 55 creatures vanquished

Notes
Turn   | Place    | Note
--------------------------------------------------------------
     0 | D:1      | nuthulu the Naga Transmuter began the quest for the Orb.
     0 | D:1      | Reached XP level 1. HP: 18/18 MP: 3/3
   266 | D:1      | Reached XP level 2. HP: 9/25 MP: 3/5
   473 | D:1      | Learned a level 2 spell: Sticks to Snakes
   989 | D:1      | Reached XP level 3. HP: 27/31 MP: 4/6
  1651 | D:2      | Found a glowing golden altar of the Shining One.
  1978 | D:2      | Found a radiant altar of Vehumet.
  2038 | D:2      | Reached XP level 4. HP: 35/38 MP: 3/8
  2068 | D:2      | Learned a level 3 spell: Spider Form
  2777 | D:3      | Reached skill level 1 in Stealth
  2860 | D:3      | Slain by a worker ant

Vault maps used:
D:1:      lemuel_arrival_muddy
D:2:      vehumet_crystals, lemuel_statue_altar
D:3:      xom_butterflies

Action                   |  1- 3 |  4- 6 || total
-------------------------+-------+-------++-------
Melee: Unarmed           |   133 |    56 ||   189
 Cast: Beastly Appendage |    31 |    15 ||    46
       Sticks to Snakes  |     6 |       ||     6
  Use: Scroll            |     5 |     2 ||     7
       Potion            |       |     1 ||     1
 Stab: Distracted        |     1 |       ||     1
  Eat: Chunk             |     3 |     3 ||     6
